 Dungeon Crawl Stone Soup version 0.17.1-2-g5865329 (webtiles) character file.

14 pipel the Grave Robber (level 2, -4/13 HPs)
             Began as a Vine Stalker Necromancer on Jan 23, 2016.
             Slain by a gnoll (7 damage)
             ... on level 6 of the Dungeon.
             The game lasted 00:03:30 (336 turns).

pipel the Grave Robber (Vine Stalker Necromancer)    Turns: 336, Time: 00:03:31

Health: -4/13      AC:  2    Str: 10    XL:     2   Next: 41%
Magic:  0/6        EV:  7    Int: 15    God:
Gold:   34         SH:  0    Dex: 14    Spells: 2 memorised, 3 levels left

rFire  . . .     SeeInvis .       - Unarmed
rCold  . . .     Clarity  .     a - +0 robe
rNeg   . . .     SustAt   +     (no shield)
rPois  .         Gourm    .     (no helmet)
rElec  .         Spirit   +     (no cloak)
rCorr  .         Warding  .     (no gloves)
rMut   .         Stasis   .     (no boots)
MR     .....                    (no amulet)
Stlth  ++........               (no ring)
                                i - ring of sustain attributes

@: not resistant to hostile enchantments, unstealthy
A: fangs 2, regeneration 1, magic shield, antimagic bite, no device heal 3, rot
immunity
a: no special abilities


You were on level 6 of the Dungeon.
You were not hungry.

You visited 1 branch of the dungeon, and saw 6 of its levels.

You collected 34 gold pieces.

Inventory:

Armour
 a - a +0 robe (worn)
Jewellery
 i - a ring of sustain attributes (left hand)
Scrolls
 e - 4 scrolls of remove curse {unknown}
 g - 4 scrolls of teleportation {unknown}
 h - 3 scrolls of noise {unknown}
Potions
 f - 3 potions of degeneration {unknown}
 j - a potion of agility {unknown}
 k - a potion of beneficial mutation {unknown}
Books
 b - a book of Necromancy

   Spells                             Type                      Level
   a - Pain                           Necromancy                   1
   b - Animate Skeleton               Necromancy                   1
   c - Vampiric Draining              Necromancy                   3
   d - Regeneration                   Charms/Necromancy            3
   e - Animate Dead                   Necromancy                   4
   f - Control Undead                 Necromancy                   4
Comestibles
 c - 2 bread rations
 d - 3 chunks of flesh


   Skills:
 + Level 1.7 Dodging
 - Level 2.4 Stealth
 * Level 1.3 Unarmed Combat
 + Level 2.4 Spellcasting
 - Level 4.0 Necromancy


You had 3 spell levels left.
You knew the following spells:

 Your Spells              Type           Power        Failure   Level  Hunger
a - Animate Skeleton      Necr           N/A          4%          1    #......
p - Pain                  Necr           ##..         4%          1    #......


Dungeon Overview and Level Annotations

Branches:
Dungeon (6/15)
 Temple: D:4-7

Altars:


Innate Abilities, Weirdness & Mutations

You have extremely sharp teeth.
Your natural rate of healing is unusually fast.
When hurt, damage is shared between your health and your magic reserves.
Your bite disrupts and absorbs the magic of your enemies.
Potions and wands cannot restore your health.
You are immune to rotting.


Message History

2 gnolls come into view.
There is a stone staircase leading up here.
Casting: Animate Skeleton
Confirm with . or Enter, or press ? or * to list all spells.
Aiming: Pain
Press: ? - help, Shift-Dir - straight line, f - gnoll
Aim: a gnoll (resting, chance to defeat MR: 77%)
The gnoll shouts!
The gnoll convulses in agony!
The gnoll shouts!
You hear a shout!
You hear a shout! 2 gnolls come into view.
Casting: Pain
Confirm with . or Enter, or press ? or * to list all spells.
Aiming: Pain
Press: ? - help, Shift-Dir - straight line, f/p - gnoll
Aim: a gnoll (moderately wounded, chance to defeat MR: 77%)
The gnoll convulses in agony!
The gnoll hits you!
Ouch! That really hurt!
You die...

#....# #....# #
#....#.###
#....#....
##....g..
#.##..g..g
#......g######
#....@.......
#...........#
#............
...............
..............#
........#+#+###
........#
###+#####


You could see 4 gnolls.

Vanquished Creatures
  A giant cockroach (D:2)
  2 goblins (D:1)
  A quokka (D:5)
  A bat (D:1)
  2 giant newts (D:2)
  2 kobolds
  2 rats
11 creatures vanquished.

Vanquished Creatures (collateral kills)
  An ooze (D:1)
1 creature vanquished.

Grand Total: 12 creatures vanquished

Notes
Turn   | Place    | Note
--------------------------------------------------------------
     0 | D:1      | pipel the Vine Stalker Necromancer began the quest for the Orb.
     0 | D:1      | Reached XP level 1. HP: 9/9 MP: 4/4
     6 | D:1      | Learned a level 1 spell: Animate Skeleton
   133 | D:1      | Reached skill level 1 in Unarmed Combat
   133 | D:1      | Reached XP level 2. HP: 11/13 MP: 0/6
   161 | D:2      | Found a faded altar to an unknown god.
   251 | D:4      | Noticed an ogre
   313 | D:5      | Entered Level 5 of the Dungeon
   336 | D:6      | Slain by a gnoll

Action                   || total
-------------------------++-------
Melee: Unarmed           ||    20
 Cast: Pain              ||    12
       Animate Skeleton  ||     5
 Stab: Sleeping          ||     2
